 Dungeon Crawl Stone Soup version 0.24.0-29-g8ce449bc06 (webtiles) character file.

Game seed: 11521074509856788868, levelgen mode: deterministic

416 Aelig the Jinx (level 6, -1/28 HPs)
             Began as a Vampire Enchanter on Nov 16, 2019.
             Was a Follower of Dithmenos.
             Slain by a bullfrog skeleton (7 damage)
             ... on level 5 of the Dungeon.
             The game lasted 00:14:16 (4952 turns).

Aelig the Jinx (Vampire Enchanter)                  Turns: 4952, Time: 00:14:16

Health: -1/28      AC:  2    Str:  6 (7)  XL:     6   Next: 60%
Magic:  5/9        EV: 12    Int: 18 (20) God:    Dithmenos [*.....]
Gold:   295        SH:  0    Dex: 12 (14) Spells: 2/9 levels left

rFire    + . .     SeeInvis +   a - +2 dagger
rCold    + + .     Gourm    .   (no shield)
rNeg     + + +     Faith    .   b - +0 robe
rPois    ∞         Spirit   .   (no helmet)
rElec    .         Reflect  .   (no cloak)
rCorr    .         Harm     .   (no gloves)
MR       .....                  (no boots)
Stlth    +++++.....             (no amulet)
HPRegen  0.00/turn              p - ring of protection from fire
MPRegen  0.11/turn              (no ring)

@: bloodless, regenerating quickly, wreathed by umbra
A: no food, fangs 3, see invisible, [frail 1], unbreathing
a: Bat Form, Revivify, Renounce Religion


You were on level 5 of the Dungeon.
You worshipped Dithmenos.
Dithmenos was aware of your devotion.
You were bloodless.

You visited 1 branch of the dungeon, and saw 5 of its levels.

You collected 295 gold pieces.

Inventory:

Hand Weapons
 a - a +2 dagger (weapon)
Armour
 b - a +0 robe (worn)
 o - a +0 buckler
Jewellery
 p - a ring of protection from fire (left hand)
 u - an uncursed ring of resist corrosion {unknown}
Wands
 i - a wand of paralysis (7)
 m - a wand of digging (6)
 t - a wand of flame (23)
Scrolls
 c - 2 scrolls of fog
 e - a scroll of amnesia {unknown}
 j - 2 scrolls of enchant weapon
 n - a scroll of fear {unknown}
 q - a scroll of magic mapping {unknown}
 s - a scroll of teleportation {unknown}
Potions
 d - a potion of haste {unknown}
 f - 3 potions of brilliance
 g - a potion of ambrosia {unknown}
 h - 2 potions of magic {unknown}
 k - a potion of flight {unknown}
 l - 2 potions of curing {unknown}
 r - a potion of might {unknown}


   Skills:
 + Level 1.4 Short Blades
 - Level 2.1 Dodging
 - Level 4.4 Stealth
 - Level 2.0 Spellcasting
 + Level 9.6 Hexes
 - Level 3.1 Necromancy
 + Level 0.7 Ice Magic


You had 2 spell levels left.
You knew the following spells:

 Your Spells              Type           Power        Failure   Level  Hunger
a - Animate Skeleton      Necr           N/A          4%          1    N/A
b - Ensorcelled Hibernat  Hex/Ice        ###...       3%          2    N/A
c - Confuse               Hex            #####...     1%          3    N/A
d - Corona                Hex            #####..      1%          1    N/A

Your spell library contained the following spells:

 Spells                   Type           Power        Failure   Level  Hunger
 Confusing Touch          Hex            #####.       1%          1    N/A
 Apportation              Tloc           #.....       19%         1    N/A
 Summon Small Mammal      Summ           #...         19%         1    N/A
 Tukima's Dance           Hex            #####...     1%          3    N/A
 Dazzling Spray           Conj/Hex       ###...       8%          3    N/A

Dungeon Overview and Level Annotations

Branches:
Dungeon (5/15)
 Temple: D:4-7

Altars:
Dithmenos
Gozag
Sif Muna
The Shining One

Annotations:
D:3 Grinder


Innate Abilities, Weirdness & Mutations

You do not eat.
You do not regenerate when monsters are visible.
You are frail without blood (-20% HP).
You can heal yourself when you bite living creatures.
You are immune to poison.
You have razor-sharp teeth.
You have supernaturally acute eyesight. (SInv)
You can survive without breathing.
[You are frail. (-10% HP)]


Message History

Aim: a bullfrog skeleton (umbra, chance to defeat MR: 76%)
The bullfrog skeleton appears confused.
The bullfrog skeleton hits you.
You hit the bullfrog skeleton. You bite the bullfrog skeleton.
The bullfrog skeleton is lightly damaged.
The bullfrog skeleton closely misses you.
You hit the bullfrog skeleton.
The bullfrog skeleton is moderately damaged.
The bullfrog skeleton misses you.
You hit the bullfrog skeleton.
The bullfrog skeleton is moderately damaged.
The bullfrog skeleton hits you.
The bullfrog skeleton closely misses you.
You hit the bullfrog skeleton.
The bullfrog skeleton is heavily damaged.
The bullfrog skeleton hits you.
* * * LOW HITPOINT WARNING * * *
You hit the bullfrog skeleton but do no damage.
The bullfrog skeleton is heavily damaged.
The bullfrog skeleton hits you!
You die...

...a. #.... #...#
#...# #...# #.Z.# #
#)#
###.#########.######
#.......@ZJ..........
....##.##5.....##.##
#. #.##.##........(.
#. #....##......##.#
#.##.#.#........# ..
#........#.###### .
#..........#
##.#.###.###
###.#..##.#


You could see a jelly, a shadow imp and a bullfrog skeleton (confused).

Vanquished Creatures
  A scorpion (D:4)
  A crimson imp (D:4)
  2 orc priests
  4 orc wizards
  9 adders
  An ooze (D:1)
  2 worms
  2 leopard geckos
  10 orcs
  3 ball pythons
  4 bats
  2 giant cockroaches
  5 goblins
  8 hobgoblins
  4 jackals (D:3)
  6 kobolds
  8 frilled lizards
  A goblin skeleton (D:4)
  2 hobgoblin zombies (D:4)
  A kobold skeleton (D:4)
  A kobold zombie (D:4)
  2 orc skeletons (D:4)
  An orc zombie (D:4)
  3 rats
83 creatures vanquished.

Notes
Turn   | Place    | Note
-------+----------+-------------------------------------------
     0 | D:1      | Aelig the Vampire Enchanter began the quest for the Orb.
     0 | D:1      | Reached XP level 1. HP: 13/13 MP: 3/3
    90 | D:1      | Reached skill level 5 in Hexes
   128 | D:1      | Reached XP level 2. HP: 19/19 MP: 0/5
   181 | D:1      | Learned a level 2 spell: Ensorcelled Hibernation
  1301 | D:2      | Reached skill level 6 in Hexes
  1306 | D:2      | Found a shadowy altar of Dithmenos.
  1407 | D:2      | Reached XP level 3. HP: 24/24 MP: 3/6
  1423 | D:2      | Became a worshipper of Dithmenos the Shadowed
  1440 | D:2      | Learned a level 3 spell: Confuse
  1632 | D:2      | Found an opulent altar of Gozag.
  1731 | D:2      | Reached skill level 7 in Hexes
  1863 | D:3      | Reached XP level 4. HP: 24/24 MP: 7/7
  2084 | D:3      | Learned a level 1 spell: Animate Skeleton
  2172 | D:3      | Reached * piety under Dithmenos
  2172 | D:3      | Reached skill level 8 in Hexes
  2196 | D:3      | Reached XP level 5. HP: 12/28 MP: 2/8
  2566 | D:2      | HP: 1/28 [orc (4)]
  2950 | D:3      | Noticed Grinder
  3126 | D:3      | Reached skill level 1 in Necromancy
  3704 | D:4      | Found a shimmering blue altar of Sif Muna.
  3822 | D:4      | Reached skill level 9 in Hexes
  3829 | D:4      | Identified Sif Muna's Collected Works on the Entourage
  4021 | D:4      | Reached XP level 6. HP: 23/28 MP: 4/9
  4592 | D:4      | Found a glowing golden altar of the Shining One.
  4903 | D:5      | Entered Level 5 of the Dungeon
  4952 | D:5      | Slain by a bullfrog skeleton

Levels and vault maps discovered:
D:1:      sevenhm_arrival_forest_fort_large_2, layout_basic
D:2:      layout_basic, nicolae_dithmenos_shadow_blocks,
          overflow_temple_1_default, minmay_stone_trees_small,
          minmay_split_cup_large
D:3:      layout_loops_cross, serial_forest, infiniplex_forest_clump_small,
          infiniplex_forest_zigzag_2, infiniplex_forest_clump_tiny,
          infiniplex_forest_lined_corner, infiniplex_forest_zigzag_1,
          infiniplex_forest_corner_1, infiniplex_forest_lined_room_,
          first_ration, minmay_door_square, kennysheep_generic_room_3,
          uniq_grinder
D:4:      layout_cave_pools, nicolae_tso_besieged_by_evil, st_stairs_6,
          minmay_misc_feat_five, led_sif_book
D:5:      layout_loops_cross, marbit_many_paths,
          minmay_temple_entry_gardened_gates, kennysheep_generic_room_15

Skill      XL: |  1  2  3  4  5  6 |
---------------+-------------------+-----
Hexes          | 5 6 7 8 9 |  9.6
Necromancy     | 2 3 |  3.1
Short Blades   | |  1.4
Dodging        | |  2.1
Stealth        | |  4.4
Spellcasting   | |  2.0
Ice Magic      | |  0.7

Action                   |  1- 3 |  4- 6 || total
-------------------------+-------+-------++-------
Melee: Dagger            |    46 |   194 ||   240
       Bite              |     5 |    15 ||    20
 Cast: Corona            |    13 |     2 ||    15
       Ensorcelled Hiber |     5 |    36 ||    41
       Confuse           |       |    17 ||    17
       Animate Skeleton  |       |     1 ||     1
 Abil: Exsanguinate      |     1 |     1 ||     2
       Bat Form          |       |     1 ||     1
       Revivify          |       |     1 ||     1
  Use: Scroll            |       |     4 ||     4
 Stab: Sleeping          |    12 |    32 ||    44
       Confused          |       |     4 ||     4
Armor: Robe              |    12 |    20 ||    32
Dodge: Dodged            |    32 |   141 ||   173
